AoeStats
← Churro

Arabia

509259280Analyzed
3v3 RM · 5d ago on Sep 26, 2026· 35m 7s· 6 players
Game mode
Random Map
Map size
Normal (6 player)
Population
200
Speed
Normal
Resources
Standard
Victory
Conquest
Starting age
Dark Age
Ending age
Imperial Age
RankedLock teamsTeams togetherTeam positionsShared explorationLock speedFull tech treeHidden civsTurbo modeCheats
Victory
Defeat
🇺🇸 Romans · United States
596
+16
🇺🇸 Vikings · United States
532
+18
🇺🇸 Vietnamese · United States
530
+18
🇧🇷 Varangians · Brazil
635
-19
🇧🇷 Saxons · Brazil
574
-17
🇧🇷 Georgians · Brazil
549
-16
rynet20
14:49 Feudal Age
16:21 Wheelbarrow
19:50 Double-Bit Axe
19:48 Horse Collar
20:01 Gold Mining
19:38 Man-at-Arms
20:04 Arson
31:26 Castle Age
Churro
16:30 Feudal Age
16:40 Man-at-Arms
17:07 Arson
25:16 Gold Mining
25:27 Double-Bit Axe
26:49 Forging
27:55 Scale Mail Armor
29:39 Horse Collar
35:51 Castle Age
TurntTaco69
12:27 Feudal Age
13:57 Double-Bit Axe
14:08 Horse Collar
14:54 Man-at-Arms
19:38 Forging
19:29 Scale Mail Armor
30:46 Castle Age
31:38 Squires
30:59 Long Swordsman
31:57 Chain Mail Armor
32:17 Iron Casting
lumiguel2011
0:29 Loom
14:45 Feudal Age
15:09 Horse Collar
15:23 Double-Bit Axe
16:41 Stone Mining
22:10 Man-at-Arms
elitfogo
14:53 Feudal Age
17:28 Horse Collar
17:37 Double-Bit Axe
18:19 Gold Mining
18:39 Man-at-Arms
21:38 Stone Mining
28:35 Arson
Etanol
4:55 Loom
15:24 Feudal Age
15:50 Horse Collar
15:58 Double-Bit Axe
17:57 Wheelbarrow
19:52 Bloodlines
19:49 Town Watch
23:30 Forging
23:55 Scale Barding Armor
28:39 Castle Age
26:46 Gold Mining
30:17 Iron Casting
30:06 Chain Barding Armor
30:05 Hand Cart
29:51 Town Patrol
30:04 Bow Saw
29:55 Heavy Plow
32:10 Husbandry
Connection lost

Rejoining the realm…

Still unreachable

The connection could not be restored.

Session expired

The server has moved on; the page needs a fresh start.